 Dungeon Crawl Stone Soup version 0.30-a0-728-gc68057be0a (webtiles) character file.

Game seed: 9372324520003580895

156423 SpyderV the Peltast (level 16, -1/125 HPs)
             Began as a Demonspawn Fighter on Jan 27, 2023.
             Was an Initiate of Yredelemnul.
             Slain by a rockslime (34 damage)
             ... on level 2 of the Pits of Slime on Jan 30, 2023.
             The game lasted 01:18:16 (22253 turns).

SpyderV the Peltast (Demonspawn Fighter)           Turns: 22253, Time: 01:18:17

Health: -1/125     AC: 29    Str: 27    XL:     16   Next: 82%
Magic:  16/16      EV:  7    Int:  6    God:    Yredelemnul [......]
Gold:   2655       SH:  0    Dex: 10    Spells: 15/15 levels left

rFire   + + .      SeeInvis .    J - +9 hand axe of the Flying Genius {elec, rElec rF+ rN+}
rCold   + . .      Faith    .    D - +8 tower shield of the Gastropod {Regen+}
rNeg    + . .      Spirit   .    Z - +1 plate armour {rC+}
rPois   +          Reflect  +    (helmet restricted)
rElec   +          Harm     .    v - +0 cloak
rCorr   +          Rampage  .    i - +1 pair of gloves
Will    ++...                    W - +0 pair of boots Stlth
                                 k - amulet of reflection
HPRegen 1.20/turn                m - ring of resist corrosion
MPRegen 0.15/turn                B - ring "Etumuzu" {Wiz rF+ Will+ Slay+5}

@: confused, mighty
A: claws 2, slimy green scales 3, icemail 1, powered by pain 1, condensation
shield, bedeviling, antennae 1, clumsy 1, dopey 2, strong 1, devolution 1
}: 1/15 runes: serpentine
a: Renounce Religion, Recall Undead Harvest


You were on level 2 of the Pits of Slime.
You worshipped Yredelemnul.
Yredelemnul was noncommittal.
You visited 5 branches of the dungeon, and saw 24 of its levels.
You also visited: Sewer and Bailey.

You collected 2655 gold pieces.

Inventory:

Hand Weapons
 a - a +1 heavy trident
 J - the +9 hand axe of the Flying Genius (weapon) {elec, rElec rF+ rN+}
   (You found it on level 9 of the Dungeon)

   rF:        It protects you from fire.
   rElec:     It insulates you from electricity.
   rN:        It protects you from negative energy.
Missiles
 j - a poisoned dart
Armour
 i - a +1 pair of gloves (worn)
 u - a scarf of harm
 v - a +0 cloak (worn)
 D - the +8 tower shield of the Gastropod (worn) {Regen+}
   (You found it on level 5 of the Dungeon)

   Regen:     It increases your rate of health regeneration.
 E - a +0 helmet
 W - a +0 pair of boots (worn)
 Z - a +1 plate armour of cold resistance (worn)
Jewellery
 k - an amulet of reflection (around neck)
 m - a ring of resist corrosion (left hand)
 t - a ring of fire
 B - the ring "Etumuzu" (right hand) {Wiz rF+ Will+ Slay+5}
   (You found it on level 5 of the Dungeon)

   [ring of wizardry]

   It improves your spell success rate.
   Slay:      It affects your accuracy & damage with ranged weapons and melee
   (+5).
   rF:        It protects you from fire.
   Will:      It increases your willpower.
 X - a +6 ring of dexterity
Wands
 c - a wand of acid (19)
 s - a wand of roots (20)
 F - a wand of flame (48)
 N - a wand of paralysis (13)
 S - a wand of polymorph (3)
 U - a wand of mindburst (7)
Scrolls
 b - 3 scrolls of magic mapping
 f - 2 scrolls of blinking
 o - 8 scrolls of noise
 q - 3 scrolls of fear
 A - 9 scrolls of teleportation
 K - 2 scrolls of identify (quivered)
 L - 2 scrolls of fog
 M - 2 scrolls of amnesia
 T - 2 scrolls of poison
 V - a scroll of butterflies
Potions
 d - 3 potions of might
 e - 12 potions of curing
 g - 8 potions of flight
 h - 4 potions of magic
 l - a potion of degeneration
 n - 5 potions of cancellation
 p - a potion of lignification
 r - 2 potions of resistance
 w - 6 potions of mutation
 x - a potion of brilliance
 z - 4 potions of attraction
 C - a potion of heal wounds
 I - 3 potions of invisibility
 Y - a potion of haste


   Skills:
 + Level 11.3 Fighting
 + Level 15.2 Axes
 + Level 2.2 Throwing
 + Level 11.1 Armour
 + Level 3.3 Dodging
 + Level 5.3 Stealth
 + Level 18.6 Shields
 + Level 0.7 Evocations


You had 15 spell levels left.
You didn't know any spells.
Your spell library contained the following spells:

 Spells                   Type           Power      Damage    Failure   Level
 Apportation              Tloc           0%         N/A       98%         1
 Necrotise                Necr           0%         1d4       98%         1
 Slow                     Hex            0%         N/A       98%         1
 Summon Small Mammal      Summ           0%         N/A       98%         1
 Ensorcelled Hibernation  Hex/Ice        0%         N/A       99%         2
 Lesser Beckoning         Tloc           0%         N/A       99%         2
 Passwall                 Tmut/Erth      0%         N/A       99%         2
 Call Canine Familiar     Summ           0%         N/A       100%        3
 Confusing Touch          Hex            0%         N/A       100%        3
 Gell's Gravitas          Tloc           0%         N/A       100%        3
 Portal Projectile        Hex/Tloc       0%         N/A       100%        3
 Swiftness                Air            0%         N/A       100%        3
 Teleport Other           Tloc           0%         N/A       100%        3
 Tukima's Dance           Hex            0%         N/A       100%        3
 Vampiric Draining        Necr           0%         2d6       100%        3
 Vhi's Electric Charge    Tloc/Air       0%         N/A       100%        3
 Leda's Liquefaction      Hex/Erth       0%         N/A       100%        4
 Alistair's Intoxication  Tmut/Pois      0%         N/A       100%        5
 Arcjolt                  Conj/Air       0%         1d10      100%        5
 Blade Hands              Tmut           0%         N/A       100%        5
 Fireball                 Conj/Fire      0%         3d3       100%        5
 Iskenderun's Battlesphe  Conj           0%         2d6       100%        5
 Conjure Ball Lightning   Conj/Air       0%         3x3d6     100%        6
 Orb of Destruction       Conj           0%         9d5       100%        7
 Maxwell's Capacitive Co  Air            0%         ∞         100%        8


Dungeon Overview and Level Annotations

Branches:
Dungeon (11/15)            Temple (1/1) D:6            Lair (5/5) D:11
  Swamp (0/4) Lair:2        Snake (4/4) Lair:3        Slime (3/5) Lair:4
  Sewer (visited)          Bailey (visited)
    Orc: D:9-12

Altars:
Ashenzari
Cheibriados
Dithmenos
Gozag
Hepliaklqana
Makhleb
Nemelex Xobeh
Okawaru
Qazlal
Ru
Trog
Uskayaw
Vehumet
Wu Jian
Xom
Yredelemnul
Jiyva

Shops:
D:10 [

Annotations:
D:11 2 transporters
Lair:2 exclusion: oklob plant
Lair:4 3 runed translucent doors, Hamu's ghost, journeyman DsFE
Slime:2 Dissolution


Innate Abilities, Weirdness & Mutations

You have very sharp fingernails.
You are completely covered in slimy green scales. (AC +4, rPois)
A meltable icy envelope protects you from harm. (AC +4)
You sometimes gain a little power by taking damage.
A meltable shield of frost defends you. (SH +4)
Your hexes are more powerful.
You have a pair of small antennae on your head.
You are clumsy. (Dex -2)
You are very dopey. (Int -4)
Your muscles are strong. (Str +4, Int/Dex -1)
You have hidden genetic defects.


Message History

You hit Dissolution.
Your hands burn!
You barely miss the slime creature.
You slash the slime creature! x2; You hit the large slime creature.
Dissolution hits you but does no damage.
You block Dissolution's attack.
You block the slime creature's attack. x3
The slime creature hits you.
You block the large slime creature's attack.
The rockslime hits you!!
* * * LOW HITPOINT WARNING * * *
You hold your ground!
You are too injured to fight recklessly!
You are too injured to fight recklessly!
You are too injured to fight recklessly!
You are too injured to fight recklessly!
Blink to where?
Press: ? - help, Dir - move target
As you read the scroll of blinking, it crumbles to dust.
The floating eye seems to glare at you.
Two slime creatures merge to form a large slime creature.
The golden eye blinks at you.
You are confused.
You feel very mighty all of a sudden.
Two slime creatures merge to form a very large slime creature.
The slime creature falls through a shaft!
The shaft crumbles and collapses.
The golden eye blinks!
Dissolution gurgles deeply, a call to fellow slimes.
The golden eye turns its gaze towards you.
The golden eye dissolves into a puddle of slime!
The rockslime hits you but does no damage.
Dissolution jiggles.
The floating eye's view fixates on you.
You slash the floating eye!
The floating eye is almost dead.
You slash the floating eye!
You kill the floating eye!
The floating eye dissolves into a puddle of slime!
You miss the golden eye. You hit the rockslime but do no damage.
You slash the slime creature! The rockslime hits you!!
You die...
Your body rises from the dead as a mindless zombie.

..............###.....##
#......#...............#
......................##
#.##...............#.## ##
###..............##
#......#....<...########
##.#...........###..##.## ##
##............##.......###
##.####.......GG@....#.^.....#.##
#....##.......JJJG..............#
#.......#...J..J............#...
#..........J...............#..#
##.#..........#.....#.........#
##..........>...........#......#
##....................<.####.#...
#........................##...#..
#.........................##.....


You could see Dissolution, a very large slime creature, 3 slime creatures, a
rockslime, 2 floating eyes and a golden eye (summoned).

Vanquished Creatures
  Gastronok (Lair:2)
  4 nagarajas
  2 rockslimes (Slime:1)
  An azure jelly (Slime:2)
  Aizul (Snake:1)
  Nessos (Lair:4)
  17 anacondas
  A vault guard (Bailey)
  Erica (Lair:2)
  4 salamander tyrants (Snake:4)
  2 catoblepae (Lair:5)
  2 two-headed ogres
  A tengu warrior (D:10)
  A death yak (Lair:4)
  10 naga warriors
  11 naga sharpshooters
  Urug (Lair:4)
  12 shock serpents
  3 salamander mystics (Snake:4)
  A sea snake (Snake:2)
  5 naga ritualists
  A lindwurm (Lair:4)
  20 mana vipers
  A shining eye (Slime:2)
  A manticore (D:9)
  A cyclops (D:8)
  8 salamanders
  A shock serpent zombie (Snake:4)
  5 elephants (Lair:5)
  Joseph (D:10)
  33 black mambas
  6 guardian serpents
  2 eyes of devastation (Slime:2)
  A gargoyle (D:10)
  4 cane toads
  12 naga magi
  A torpor snail (Lair:5)
  4 rime drakes
  A tengu conjurer (D:10)
  8 komodo dragons
  The ghost of sircluck the Covered, an amateur MiFi of Xom (D:4)
  A troll (D:11)
  2 polar bears
  2 hornets
  Grinder (D:5)
  Prince Ribbit (Bailey)
  9 blink frogs (Lair:5)
  2 dream sheep (Lair:5)
  7 slime creatures
  2 shadows
  3 wyverns
  A wraith (D:11)
  3 steam dragons
  23 yaks
  Grum (D:8)
  2 basilisks
  6 humans (Bailey)
  4 vampire mosquitoes (D:7)
  Edmund (D:6)
  33 nagas
  The ghost of Nabski the Firebug, an amateur TeFE (D:4)
  10 water moccasins
  An orc warrior (D:9)
  2 ice beasts (D:7)
  2 black bears
  2 ogres (D:5)
  3 wolves (D:8)
  4 kobold brigands
  A necrophage (D:6)
  A gnoll sergeant (D:7)
  13 bullfrogs
  6 scorpions
  21 wights
  31 killer bees
  4 howler monkeys
  3 hounds
  6 jellies
  5 orc priests
  Jessica (D:2)
  6 iguanas
  8 orc wizards
  4 hell rats (Lair:3)
  13 gnolls
  12 adders
  A river rat (Sewer)
  A shadow imp (D:6)
  A white imp (D:5)
  2 ufetubi
  An orc zombie (D:9)
  5 worms
  7 dart slugs
  21 orcs
  5 endoplasms
  5 giant cockroaches
  6 goblins
  4 hobgoblins
  4 jackals (D:5)
  4 quokkas
  5 ball pythons
  4 bats
  3 frilled lizards
  20 kobolds
  4 rats
561 creatures vanquished.

Vanquished Creatures (collateral kills)
  An azure jelly (Slime:1)
  A nagaraja (Snake:4)
  A hydra (Lair:5)
  A boulder beetle (D:11)
  3 naga warriors
  A merfolk avatar (Lair:5)
  A death yak (Lair:4)
  3 naga sharpshooters
  4 shock serpents
  A naga ritualist (Snake:4)
  A sea snake (Snake:2)
  5 mana vipers
  A harpy (Lair:5)
  A shining eye (Slime:1)
  A cyclops (D:11)
  3 salamanders
  2 elephants (Lair:5)
  3 guardian serpents
  5 naga magi
  A torpor snail (Lair:4)
  11 black mambas
  5 komodo dragons
  7 rime drakes
  A wind drake (Lair:5)
  3 polar bears (Lair:5)
  2 hornets (Lair:5)
  2 snapping turtles (Lair:5)
  2 blink frogs (Lair:5)
  3 dream sheep (Lair:5)
  2 slime creatures (Slime:1)
  2 wyverns (D:11)
  15 yaks
  A human (Bailey)
  An acid dragon (D:11)
  15 nagas
  3 water moccasins
  An orc warrior (D:9)
  A wolf (D:8)
  A phantom (D:6)
  6 bullfrogs
  A wight (D:8)
  15 killer bees
  2 howler monkeys
  3 hell rats (Lair:3)
  5 gnolls (D:7)
  3 orcs
  3 kobolds (D:7)
  A bush (Lair:5)
  A fungus (Lair:5)
158 creatures vanquished.

Vanquished Creatures (others)
  A nagaraja (Snake:3)
  2 anaconda zombies
  3 shock serpent zombies
  4 salamander zombies (Snake:4)
  A black mamba (Snake:2)
  A catoblepas zombie (Lair:5)
  A centaur zombie (Lair:4)
  Psyche (D:8)
  3 mana viper zombies
  2 guardian serpent zombies
  11 black mamba zombies
  An elephant zombie (Lair:5)
  A snapping turtle zombie (Lair:5)
  6 blink frog zombies (Lair:5)
  3 rime drake zombies
  A kobold brigand (Sewer)
  A komodo dragon zombie (Lair:5)
  A water moccasin zombie (Lair:5)
  A wyvern zombie (D:11)
  4 human zombies
  26 naga zombies
  3 yak zombies
  6 bullfrog zombies
  9 killer bee zombies (D:8)
  An ice beast zombie (D:7)
  A howler monkey zombie (D:7)
  A steam dragon zombie (D:9)
  An iguana zombie (D:6)
  2 adder zombies (D:6)
  7 gnoll zombies
  2 goblin zombies (Bailey)
  A hobgoblin zombie (Bailey)
  5 kobold zombies
  12 orc zombies
  A spectral ufetubus (D:7)
  38 fungi
  100 plants
  2 withered plants (D:4)
267 creatures vanquished.

Grand Total: 986 creatures vanquished

Notes
Turn   | Place    | Note
-------+----------+-------------------------------------------
     0 | D:1      | SpyderV the Demonspawn Fighter began the quest for the Orb.
     0 | D:1      | Reached XP level 1. HP: 18/18 MP: 1/1
   264 | D:1      | Gained mutation: A meltable shield of frost defends you.
                  | (SH +4) [demonic ancestry]
   264 | D:1      | Reached XP level 2. HP: 23/24 MP: 2/2
   891 | D:2      | Reached skill level 3 in Shields
   891 | D:2      | Reached XP level 3. HP: 23/29 MP: 3/3
   921 | D:2      | Noticed Jessica
   939 | D:2      | Killed Jessica
  1142 | D:2      | Gained mutation: You have sharp fingernails. [demonic
                  | ancestry]
  1142 | D:2      | Reached XP level 4. HP: 35/35 MP: 4/4
  1293 | D:2      | Found a faded altar of an unknown god.
  1579 | D:3      | Identified a scroll of acquirement
  1580 | D:3      | Acquired 1072 gold pieces
  1688 | D:3      | Found a glowing drain.
  1730 | Sewer    | Entered a sewer
  1912 | Sewer    | Reached XP level 5. HP: 29/41 MP: 5/5
  2709 | D:3      | Gained mutation: You have very sharp fingernails. [demonic
                  | ancestry]
  2709 | D:3      | Reached XP level 6. HP: 47/47 MP: 6/6
  2910 | D:3      | Found a hide-covered altar of Uskayaw.
  2941 | D:4      | Reached skill level 4 in Shields
  3246 | D:4      | Reached skill level 1 in Dodging
  3307 | D:4      | Found a runed translucent gate.
  3307 | D:4      | Found a runed translucent gate.
  3307 | D:4      | Found a runed translucent gate.
  3309 | D:4      | Noticed sircluck's ghost (amateur MiFi)
  3309 | D:4      | Noticed Nabski's ghost (amateur TeFE)
  3367 | D:4      | Killed Nabski's ghost
  3383 | D:4      | Killed sircluck's ghost
  3384 | D:4      | Gained mutation: You are partially covered in slimy green
                  | scales. (AC +2) [demonic ancestry]
  3384 | D:4      | Reached XP level 7. HP: 15/54 MP: 7/7
  3586 | D:4      | Reached skill level 5 in Axes
  3919 | D:5      | Entered Level 5 of the Dungeon
  4006 | D:5      | Identified the ring "Etumuzu" {Wiz rF+ Will+ Slay+5}
  4057 | D:5      | Found a bloodstained altar of Trog.
  4125 | D:5      | Identified the +8 tower shield of the Gastropod {Regen+}
  4141 | D:5      | Found a radiant altar of Vehumet.
  4312 | D:5      | Noticed Grinder
  4316 | D:5      | Reached skill level 5 in Shields
  4316 | D:5      | Gained mutation: You are mostly covered in slimy green
                  | scales. (AC +3) [demonic ancestry]
  4316 | D:5      | Reached XP level 8. HP: 54/60 MP: 8/8
  4323 | D:5      | Paralysed by Grinder for 5 turns
  4333 | D:5      | Paralysed by Grinder for 3 turns
  4450 | D:5      | Paralysed by Grinder for 5 turns
  4484 | D:5      | Killed Grinder
  4754 | D:5      | Reached skill level 6 in Shields
  5247 | D:6      | HP: 3/61 [killer bee (2)]
  5328 | D:6      | Noticed Edmund
  5351 | D:6      | Killed Edmund
  5486 | D:6      | Found a staircase to the Ecumenical Temple.
  5490 | D:6      | Gained mutation: You sometimes gain a little power by
                  | taking damage. [demonic ancestry]
  5490 | D:6      | Reached XP level 9. HP: 50/66 MP: 9/9
  5522 | Temple   | Entered the Ecumenical Temple
  5626 | Temple   | Became a worshipper of Yredelemnul the Dark
  5826 | D:6      | Reached * piety under Yredelemnul
  5891 | D:6      | Reached skill level 7 in Shields
  5915 | D:6      | Reached ** piety under Yredelemnul
  5987 | D:6      | Reached *** piety under Yredelemnul
  6042 | D:6      | Reached skill level 5 in Fighting
  6042 | D:6      | Reached skill level 5 in Armour
  6461 | D:7      | Reached skill level 1 in Stealth
  6712 | D:7      | Reached skill level 8 in Shields
  6743 | D:7      | Reached **** piety under Yredelemnul
  6914 | D:8      | Noticed Psyche
  6918 | D:8      | Gained mutation: You are completely covered in slimy green
                  | scales. (AC +4, rPois) [demonic ancestry]
  6918 | D:8      | Reached XP level 10. HP: 74/74 MP: 10/10
  6919 | D:8      | Noticed a cyclops
  6928 | D:8      | Killed Psyche
  6931 | D:8      | Killed a cyclops
  6947 | D:8      | Your ally Psyche died
  7232 | D:8      | Reached skill level 9 in Shields
  7239 | D:8      | Reached ***** piety under Yredelemnul
  7298 | D:8      | Reached ****** piety under Yredelemnul
  7396 | D:8      | Found a broken altar of Ashenzari.
  7705 | D:8      | Noticed Grum
  7712 | D:8      | Reached skill level 10 in Axes
  7718 | D:8      | Killed Grum
  7873 | D:9      | Found a flagged portal.
  7899 | D:9      | Identified the +9 hand axe of the Flying Genius {elec,
                  | rElec rF+ rN+}
  8004 | Bailey   | Entered a bailey
  8034 | Bailey   | Gained mutation: A meltable icy envelope protects you from
                  | harm. (AC +4) [demonic ancestry]
  8034 | Bailey   | Reached XP level 11. HP: 81/82 MP: 11/11
  8123 | Bailey   | Reached skill level 10 in Shields
  8147 | Bailey   | Noticed Prince Ribbit
  8147 | Bailey   | Noticed a vault guard
  8154 | Bailey   | Killed a vault guard
  8158 | Bailey   | Killed Prince Ribbit
  8437 | D:9      | Noticed a two-headed ogre
  8460 | D:9      | Killed a two-headed ogre
  8636 | D:9      | Found an ornate altar of the Wu Jian Council.
  8813 | D:10     | Entered Level 10 of the Dungeon
  8813 | D:10     | Noticed Joseph
  8821 | D:10     | Killed Joseph
  8964 | D:10     | Found Niok's Armour Shop.
  9089 | D:10     | Found a shadowy altar of Dithmenos.
  9090 | D:10     | Found a hazy altar of Hepliaklqana.
  9169 | D:10     | Noticed a tengu warrior
  9186 | D:10     | Killed a tengu warrior
  9284 | D:10     | Reached skill level 11 in Shields
  9374 | D:10     | Noticed a two-headed ogre
  9380 | D:10     | Killed a two-headed ogre
 10067 | D:11     | Reached XP level 12. HP: 91/91 MP: 12/12
 10300 | D:11     | Noticed a boulder beetle
 10304 | D:11     | Found a transporter.
 10332 | D:11     | Killed a boulder beetle
 10351 | D:11     | Found a transporter.
 10561 | D:11     | Found a staircase to the Lair.
 10873 | Lair:1   | Entered Level 1 of the Lair of Beasts
 10906 | Lair:1   | Identified the +0 ring mail of Yesterday {Rampage}
 11093 | Lair:1   | Reached skill level 12 in Shields
 11645 | Lair:2   | Noticed Gastronok
 11658 | Lair:2   | Noticed Erica
 11671 | Lair:2   | Killed Gastronok
 11671 | Lair:2   | Killed Erica
 12192 | Lair:2   | Found a staircase to the Swamp.
 12880 | Lair:3   | Upgraded the game from 0.30-a0-722-g3e6e8c874d to
                  | 0.30-a0-723-gc1506a1cf0
 12925 | Lair:3   | Found a staircase to the Snake Pit.
 13545 | Lair:4   | Reached XP level 13. HP: 87/99 MP: 13/13
 13607 | Lair:4   | Found a runed translucent gate.
 13608 | Lair:4   | Found a runed translucent gate.
 13608 | Lair:4   | Noticed an acid blob
 13609 | Lair:4   | Found a runed translucent gate.
 13609 | Lair:4   | Noticed Hamu's ghost (journeyman DsFE)
 13609 | Lair:4   | Noticed an acid blob
 13609 | Lair:4   | Noticed an azure jelly
 13610 | Lair:4   | Noticed an acid blob
 13610 | Lair:4   | Noticed an azure jelly
 13611 | Lair:4   | Noticed an azure jelly
 13634 | Lair:4   | Noticed a quicksilver ooze
 13636 | Lair:4   | Noticed a quicksilver ooze
 13643 | Lair:4   | Noticed an azure jelly
 13660 | Lair:4   | Noticed an azure jelly
 13662 | Lair:4   | Noticed Nessos
 13669 | Lair:4   | Killed Nessos
 13702 | Lair:4   | Found a viscous altar of Jiyva.
 13821 | Lair:4   | Your ally Nessos died
 13930 | Lair:4   | Reached skill level 13 in Shields
 14067 | Lair:4   | Noticed Urug
 14077 | Lair:4   | Killed Urug
 14208 | Lair:4   | Found a runed translucent door.
 14208 | Lair:4   | Found a viscous altar of Jiyva.
 14262 | Lair:4   | Found a staircase to the Slime Pits.
 14324 | Lair:5   | Entered Level 5 of the Lair of Beasts
 14783 | Lair:5   | Reached skill level 14 in Shields
 14849 | Lair:5   | Gained mutation: Your hexes are more powerful. [demonic
                  | ancestry]
 14849 | Lair:5   | Reached XP level 14. HP: 108/108 MP: 14/14
 15814 | Slime:1  | Entered Level 1 of the Pits of Slime
 15905 | Snake:1  | Entered Level 1 of the Snake Pit
 15919 | Snake:1  | Noticed Aizul
 15934 | Snake:1  | Killed Aizul
 16625 | Snake:2  | Reached skill level 15 in Shields
 16907 | Snake:3  | Reached skill level 10 in Fighting
 17018 | Snake:3  | Noticed a nagaraja
 17045 | Snake:2  | Killed a nagaraja
 17165 | Snake:3  | Reached XP level 15. HP: 45/115 MP: 15/15
 17358 | Snake:3  | Noticed a nagaraja
 17372 | Snake:3  | Killed a nagaraja
 17424 | Snake:3  | Reached skill level 16 in Shields
 17931 | Snake:3  | Reached skill level 10 in Armour
 18071 | Snake:4  | Entered Level 4 of the Snake Pit
 18158 | Snake:4  | Noticed a nagaraja
 18168 | Snake:4  | Killed a nagaraja
 18407 | Snake:4  | Noticed a nagaraja
 18415 | Snake:4  | Reached skill level 17 in Shields
 18431 | Snake:4  | Killed a nagaraja
 18714 | Snake:4  | Got a serpentine rune of Zot
 18784 | Snake:4  | Reached XP level 16. HP: 120/124 MP: 16/16
 18817 | Snake:4  | Reached skill level 1 in Throwing
 19059 | Snake:4  | Identified the +4 leather armour "Hoirejyu" {Contam rPois
                  | Dex-3 SInv}
 19137 | Snake:4  | Reached skill level 18 in Shields
 19287 | Snake:4  | Reached skill level 15 in Axes
 20220 | Snake:2  | Reached skill level 5 in Stealth
 20806 | Snake:1  | Upgraded the game from 0.30-a0-723-gc1506a1cf0 to
                  | 0.30-a0-728-gc68057be0a
 21482 | Slime:1  | Gained mutation: You are dopey. (Int -2) [a shining eye]
 21486 | Slime:1  | Gained mutation: Your muscles are strong. (Str +4, Int/Dex
                  | -1) [a shining eye]
 21491 | Slime:1  | Gained mutation: You have a pair of small antennae on your
                  | head. [a shining eye]
 21969 | Slime:2  | Gained mutation: You are very dopey. (Int -4) [a shining
                  | eye]
 21974 | Slime:2  | Gained mutation: You are clumsy. (Dex -2) [a shining eye]
 21978 | Slime:2  | Gained mutation: You have hidden genetic defects. [a
                  | shining eye]
 22228 | Slime:3  | Noticed Dissolution
 22241 | Slime:3  | Paralysed by a floating eye for 2 turns
 22243 | Slime:3  | Noticed an acid blob
 22253 | Slime:2  | Slain by a rockslime

Illustrated notes

Levels and vault maps discovered:
D:1:      giann_bridges, layout_basic
D:2:      layout_rooms, shapermc_ecumenical_altar_acropolis, uniq_jessica
D:3:      layout_basic, nicolae_uskayaw_suspiria, portal_sewer_entry_f
D:4:      layout_loops_ring, gammafunk_ghost_cemetery, minmay_misc_feat_plants
D:5:      layout_gridville, nicolae_vehumet_radiance, bloody_trog,
          grunt_ministairs_2, minmay_circle_x, uniq_grinder
D:6:      minmay_bubble_buster, layout_loops_ring,
          minmay_temple_entry_stoned_glass, uniq_edmund
D:7:      layout_basic, hangedman_abyss_or_decor_stagger
D:8:      wad_woods_minihive, layout_loops_ring, ashenzari_altar_1,
          hangedman_decor_growths, uniq_grum, uniq_psyche
D:9:      layout_basic, mainiacjoe_overflow_alcove_2, tso_oasis_becter,
          enter_bailey_2
D:10:     layout_basic, riverfiend_overflow_shadow_ancestor,
          general_overflow_altar, nicolae_inconvenience_store, uniq_joseph
D:11:     layout_irregular_city, erik_lair_dragon, nicolae_diode_stairs
Temple:   nicolae_temple_figure_eight
Lair:1:   layout_small_grid, cheibrodos_lair_reptile_den
Lair:2:   minmay_lair_oklob_tunnel, layout_concentric_octagons, swamp_mist,
          chequers_serial_rivers_small_a, minmay_holes, uniq_erica,
          uniq_gastronok
Lair:3:   layout_chaotic_city, guppyfry_snake_entry_garden,
          chequers_serial_rivers_room_b, beast_lair_carwin_9
Lair:4:   layout_long_grid, slime_entry_2, gammafunk_ghost_ooze,
          serial_bayou_shore_a, uniq_nessos, uniq_urug
Lair:5:   gammafunk_lair_ancient_temple, layout_misc_corridors, minivault_27
Snake:1:  layout_onion, grunt_megastairs_4, uniq_aizul
Snake:2:  nicolae_snake_attic_fulla_snakes, layout_rooms
Snake:3:  layout_gridlike, drop_trap, st_stairs_9, nicolae_snake_gridmaze_zigzag
Snake:4:  johnstein_snake_rune_scales, layout_cave_town, drop_trap,
          grunt_ministairs_1
Slime:1:  layout_caves, nicolae_slime_phagocytosis
Slime:2:  layout_caves
Slime:3:  layout_caves, dissolution_awaits

Skill      XL: |  1  2  3  4  5  6  7  8  9 10 11 12 13 14 15 16 |
---------------+-------------------------------------------------+-----
Axes           | 2 3 4 5 7 8 10 11 12 13 14 15 | 15.2
Armour         | 3 4 5 6 7 8 9 10 11 | 11.1
Shields        | 3 4 5 6 8 9 11 12 14 15 17 18 | 18.6
Dodging        | 1 2 3 |  3.3
Fighting       | 4 5 6 7 8 9 10 11 | 11.3
Stealth        | 1 2 3 4 5 |  5.3
Throwing       | 2 |  2.2
Evocations     | |  0.7

Action                     |  1- 3 |  4- 6 |  7- 9 | 10-12 | 13-15 | 16-18 || total
---------------------------+-------+-------+-------+-------+-------+-------++-------
  Melee: War axe           |    69 |   246 |   266 |    98 |       |       ||   679
         Hand axe          |       |       |       |   409 |   615 |   240 ||  1264
  Throw: Dart              |     1 |       |       |       |     3 |    29 ||    33
  Evoke: Wand              |       |       |       |       |     3 |       ||     3
    Use: Scroll            |     3 |     6 |    16 |     8 |     6 |     3 ||    42
         Potion            |       |     1 |       |       |     5 |     1 ||     7
   Stab: Distracted        |       |       |     2 |     5 |     7 |     9 ||    23
 Armour: Scale mail        |    34 |    50 |       |       |       |       ||    84
         Plate armour      |       |    57 |   172 |   113 |   171 |   101 ||   614
  Dodge: Dodged            |    32 |    59 |    36 |    27 |    40 |    33 ||   227
  Block: Buckler           |    31 |   157 |    23 |       |       |       ||   211
         Reflection        |       |     7 |     8 |    21 |   108 |    28 ||   172
         Tower shield      |       |       |   482 |   749 |   954 |   457 ||  2642

Table legend: (Time is in decaauts)
 A = Elapsed time spent in this place.
 B = Non-inter-level travel time spent in this place.
 C = Inter-level travel time spent in this place.
 D = Time resting spent in this place.
 E = Time spent auto-exploring this place.
 F = Levels seen in this place.
 G = Mean time per level.
                   A        B        C        D        E       F      G
               +--------+--------+--------+--------+--------+-----+--------+
         Total |  22642 |  20637 |   2005 |      0 |  10870 |  26 |  870.8 |
       Dungeon |  10184 |   9570 |    614 |      0 |   5352 |  11 |  925.8 |
        Temple |    144 |     47 |     97 |      0 |      0 |   1 |  144.0 |
          Lair |   5266 |   4843 |    423 |      0 |   2879 |   5 | 1053.2 |
     Snake Pit |   4996 |   4175 |    821 |      0 |   1907 |   4 | 1249.0 |
    Slime Pits |   1084 |   1034 |     50 |      0 |    453 |   3 |  361.3 |
         Sewer |    760 |    760 |      0 |      0 |    277 |   1 |  760.0 |
        Bailey |    205 |    205 |      0 |      0 |      0 |   1 |  205.0 |
               +--------+--------+--------+--------+--------+-----+--------+

Top non-repeatable levels by time:
 Snake:4: 2000 daAuts
     D:5: 1348 daAuts
 Snake:3: 1298 daAuts
  Lair:5: 1296 daAuts
  Lair:4: 1244 daAuts
    D:10: 1144 daAuts
  Lair:2: 1010 daAuts
     D:6: 1008 daAuts
     D:4: 1004 daAuts
     D:3: 998 daAuts
     D:8: 994 daAuts
  Lair:3: 959 daAuts
    D:11: 914 daAuts
     D:1: 903 daAuts
 Snake:2: 889 daAuts
